 Dungeon Crawl Stone Soup version 0.25.1-8-g42b30a86e7 (webtiles) character file.

Game seed: 11802187022042794616

47 Qrupt the Insei (level 3, -10/29 HPs)
             Began as a Draconian Transmuter on Dec 12, 2020.
             Mangled by an orc wizard
             ... wielding a +1 dagger of electrocution
              (16 damage)
             ... on level 3 of the Dungeon.
             The game lasted 00:03:17 (1779 turns).

Qrupt the Insei (Draconian Transmuter)              Turns: 1779, Time: 00:03:20

Health: -10/29     AC:  5    Str: 12    XL:     3   Next: 48%
Magic:  6/6        EV: 12    Int: 13    God:
Gold:   57         SH:  0    Dex: 12    Spells: 6/7 levels left

rFire    . . .     SeeInvis .     - Unarmed
rCold    . . .     Gourm    .   (no shield)
rNeg     . . .     Faith    .   (armour unavailable)
rPois    .         Spirit   .   (helmet restricted)
rElec    .         Reflect  .   (no cloak)
rCorr    .         Harm     .   (no gloves)
MR       .....                  (no boots)
Stlth    +.........             (no amulet)
HPRegen  0.09/turn              (no ring)
MPRegen  0.10/turn              (no ring)

@: lethally poisoned (-10 -> -12), appendage (expiring)
A: unfitting armour, horns 2, cold-blooded, AC +5
a: End Transformation


You were on level 3 of the Dungeon.
You were not hungry.
You had grown temporary horns.
You visited 1 branch of the dungeon, and saw 3 of its levels.

You collected 57 gold pieces.

Inventory:

Missiles
 a - 32 arrows
Jewellery
 k - a cursed amulet of inaccuracy {unknown}
Scrolls
 b - 3 scrolls of identify {unknown}
 e - 2 scrolls of remove curse {unknown}
 h - a scroll of teleportation {unknown}
 i - a scroll of fear {unknown}
 m - a scroll of enchant armour {unknown}
Potions
 f - a potion of mutation {unknown}
 g - 2 potions of curing {unknown}
 j - 2 potions of heal wounds {unknown}
 l - a potion of might {unknown}
Comestibles
 c - 5 rations
 d - a chunk of flesh


   Skills:
 + Level 2.0 Fighting
 - Level 1.7 Dodging
 + Level 3.4 Unarmed Combat
 + Level 2.5 Spellcasting
 + Level 2.6 Transmutations


You had 6 spell levels left.
You knew the following spells:

 Your Spells              Type           Power        Failure   Level  Hunger
a - Beastly Appendage     Tmut           #.....       9%          1    #......

Your spell library contained the following spells:

 Spells                   Type           Power        Failure   Level  Hunger
 Sticks to Snakes         Tmut           #.......     13%         2    ###....
 Spider Form              Tmut/Pois      #.........   38%         3    ###....
 Ice Form                 Ice/Tmut       #.......     80%         4    #####..
 Blade Hands              Tmut           #.........   93%         5    ######.


Dungeon Overview and Level Annotations

Branches:
Dungeon (3/15)

Altars:
Okawaru

Annotations:
D:2 1 exclusion


Innate Abilities, Weirdness & Mutations

Your plain brown scales are hard. (AC +5)
You cannot fit into any form of body armour.
You are cold-blooded and may be slowed by cold attacks.
You have a pair of horns on your head.


Message History

The puff of frost hits you!
You closely miss the orc wizard.
The orc wizard is lightly wounded.
You feel sick.
The orc wizard hits you but does no damage. x2
You hit the orc wizard.
The orc wizard is lightly wounded.
The orc wizard misses you.
You hit the orc wizard.
The orc wizard is moderately wounded.
The orc wizard hits you with a +1 dagger of electrocution.
The orc wizard casts a cantrip, but nothing happens.
You barely miss the orc wizard.
The orc wizard is moderately wounded.
You feel sick.
The orc wizard hits you with a +1 dagger of electrocution.
* * * LOW HITPOINT WARNING * * *
You are electrocuted!
Ouch! That really hurt!
You die...

...S. ####.#. #.....
#.#####.##.# #
........##.#..# #
#.[...........#
##.#########.##.#..#
#......#####.##.#..#
#.#..#.@o...รท......#
#.....<#############
########


You could see an orc wizard (fast).

Vanquished Creatures
  2 adders
  A dart slug (D:2)
  2 leopard geckos
  2 giant cockroaches
  2 goblins (D:1)
  2 hobgoblins
  2 jackals (D:2)
  2 kobolds
  A quokka (D:2)
  2 ball pythons (D:2)
  5 bats
  A frilled lizard (D:2)
  2 rats (D:1)
26 creatures vanquished.

Notes
Turn   | Place    | Note
-------+----------+-------------------------------------------
     0 | D:1      | Qrupt the Draconian Transmuter began the quest for the Orb.
     0 | D:1      | Reached XP level 1. HP: 16/16 MP: 3/3
   528 | D:1      | Reached XP level 2. HP: 22/23 MP: 3/5
   758 | D:2      | Found a faded altar of an unknown god.
  1112 | D:2      | Reached XP level 3. HP: 26/29 MP: 6/6
  1345 | D:2      | Found an iron altar of Okawaru.
  1779 | D:3      | Mangled by an orc wizard

Illustrated notes

Levels and vault maps discovered:
D:1:      dpeg_arrival_long_road, layout_rooms
D:2:      cheibrodos_helix_gallery, layout_loops_ring,
          kennysheep_okawaru_gauntlet, chequers_ecumenical_altar_island,
          minivault_4
D:3:      layout_loops_ring, first_ration

Skill      XL: |  1  2  3 |
---------------+----------+-----
Fighting       | 2 |  2.0
Dodging        | |  1.7
Unarmed Combat | |  3.4
Spellcasting   | |  2.5
Transmutations | |  2.6

Action                   || total
-------------------------++-------
Melee: Unarmed           ||   117
       Tailslap          ||    10
       Headbutt          ||     3
       Kick              ||     4
 Cast: Beastly Appendage ||    11
  Eat: Chunk             ||     3
Armor: Skin              ||    42
Dodge: Dodged            ||   100
